 Dungeon Crawl Stone Soup version 0.22.0-75-g3901e79 (console) character file.

157 bli the Skirmisher (level 5, 0/43 HPs)
             Began as a Formicid Fighter on Sept 13, 2018.
             Was an Initiate of Ru.
             Succumbed to an orc's poison
             ... on level 3 of the Dungeon.
             The game lasted 00:09:21 (1796 turns).

bli the Skirmisher (Formicid Fighter)               Turns: 1796, Time: 00:09:21

Health: 0/43       AC: 11    Str: 20    XL:     5   Next: 66%
Magic:  5/5        EV: 15    Int:  8    God:    Ru [......]
Gold:   180        SH:  7    Dex: 16    Spells: 4/4 levels left

rFire    . . .     SeeInvis +   a - +0 war axe
rCold    . . .     Gourm    .   k - +2 buckler
rNeg     . . .     Faith    .   b - +0 scale mail
rPois    .         Spirit   .   (helmet unavailable)
rElec    .         Reflect  .   (no cloak)
rCorr    .         Harm     .   (no gloves)
MR       .....                  (no boots)
Stlth    ++........             (no amulet)
HPRegen  0.14/turn              m - +4 ring of protection
MPRegen  0.09/turn              q - ring of stealth

@: agile, lethally poisoned (0 -> -10)
A: permanent stasis, dig shafts and tunnels, four strong arms, antennae 3
a: Dig, Shaft Self, Renounce Religion


You were on level 3 of the Dungeon.
You worshipped Ru.
Ru was noncommittal.
You were not hungry.

You visited 1 branch of the dungeon, and saw 3 of its levels.

You collected 180 gold pieces.

Inventory:

Hand Weapons
 a - a +0 war axe (weapon)
 h - a +0 spear
Missiles
 n - 181 stones (quivered)
Armour
 b - a +0 scale mail (worn)
 c - a +0 shield
 k - a +2 buckler (worn)
 w - a +0 ring mail
Jewellery
 g - an uncursed ring of see invisible {unknown}
 m - a +4 ring of protection (left hand)
 q - a ring of stealth (right hand)
 t - an uncursed ring of ice
 u - an uncursed ring of poison resistance {unknown}
Scrolls
 e - 7 scrolls of identify {unknown}
 i - a scroll of amnesia {unknown}
 l - 2 scrolls of teleportation {unknown}
 o - 2 scrolls of immolation {unknown}
 r - a scroll of enchant armour {unknown}
 s - 2 scrolls of remove curse {unknown}
 x - a scroll of fog {unknown}
Potions
 d - a potion of might
 j - a potion of agility
 p - a potion of heal wounds {unknown}
 v - a potion of mutation {unknown}
 A - a potion of magic {unknown}
Comestibles
 f - 5 rations
 z - 4 chunks of flesh


   Skills:
 * Level 4.5 Fighting
 + Level 3.8 Axes
 + Level 4.0 Armour
 + Level 0.5 Dodging
 + Level 0.2 Stealth
 - Level 3.8 Shields


You had 4 spell levels left.
You didn't know any spells.
Your spell library contained the following spells:

 Spells                   Type           Power        Failure   Level  Hunger
 Corona                   Hex            #......      77%         1    ##.....
 Ensorcelled Hibernation  Hex/Ice        #.....       88%         2    ###....
 Confuse                  Hex            #.......     98%         3    ####...
 Dazzling Spray           Conj/Hex       #.....       98%         3    ####...
 Tukima's Dance           Hex            #.......     98%         3    ####...


Dungeon Overview and Level Annotations

Branches:
Dungeon (3/15)

Altars:
Kikubaaqudgha
Okawaru
Ru
Zin


Innate Abilities, Weirdness & Mutations

You cannot be hasted, slowed, berserked, paralysed or teleported.
You can dig through walls and to a lower floor.
Your four strong arms can wield two-handed weapons with a shield.
You have a pair of large antennae on your head. (SInv)


Message History

You feel sick.
* * * LOW HITPOINT WARNING * * *
You feel sick.
Items here: ))) ? [[ †† a dagger x2; a robe; a scroll labeled UCRARA UDIKAIWY; a mace; a ring mail; an
* * * LOW HITPOINT WARNING * * *
You feel sick.
* * * LOW HITPOINT WARNING * * *
You feel sick. The orc hits you but does no damage.
You hit the orc.
The orc is heavily wounded.
* * * LOW HITPOINT WARNING * * *
You feel sick. The orc hits you but does no damage.
You hit the orc.
You kill the orc!
* * * LOW HITPOINT WARNING * * *
You feel sick. You block the kobold's attack.
It was a potion of agility.
You feel agile all of a sudden.
You die...

#......§≈≈≈≈.≈
#..........§.§
######.≈≈≈§≈.≈ #.≈###≈§≈
#.≈# #≈§§ #.≈###≈.≈
#.≈§≈≈≈.§ .{ #........
≈≈. #.§≈≈≈≈.≈
8≈≈..############§≈###§.§
#...K@.)..)....≈# #≈§§
#############..≈###≈§≈
#..≈≈§≈≈.≈ #..§§.....
#..§≈≈§≈.≈ ##.§###§.≈
#.≈# #≈.§ #.≈###≈.≈
#.≈≈§≈≈.≈ #........
#########


You could see a kobold.

Vanquished Creatures
  An orc priest (D:3)
  An orc wizard (D:3)
  A gnoll (D:1)
  2 adders (D:3)
  An ooze (D:2)
  A dart slug (D:1)
  3 leopard geckos
  7 orcs (D:3)
  7 bats
  3 giant cockroaches (D:1)
  6 goblins
  8 hobgoblins
  2 quokkas
  A frilled lizard (D:1)
  6 kobolds
  7 rats
  A plant (D:1)
58 creatures vanquished.

Notes
Turn   | Place    | Note
-------+----------+-------------------------------------------
     0 | D:1      | bli the Formicid Fighter began the quest for the Orb.
     0 | D:1      | Reached XP level 1. HP: 18/18 MP: 1/1
    92 | D:1      | Reached XP level 2. HP: 24/24 MP: 2/2
   291 | D:1      | Reached XP level 3. HP: 25/30 MP: 3/3
   910 | D:2      | Reached XP level 4. HP: 37/37 MP: 4/4
  1093 | D:2      | Found a sacrificial altar of Ru.
  1099 | D:2      | Became a worshipper of Ru the Awakened
  1175 | D:2      | Found an ancient bone altar of Kikubaaqudgha.
  1176 | D:2      | Found an iron altar of Okawaru.
  1618 | D:3      | Found a glowing silver altar of Zin.
  1762 | D:3      | Reached XP level 5. HP: 30/43 MP: 5/5
  1795 | D:3      | HP: 1/43 [poisoned by an orc]
  1796 | D:3      | Succumbed to an orc's poison

Skill      XL: |  1  2  3  4  5 |
---------------+----------------+-----
Fighting       | 4 |  4.5
Axes           | 3 |  3.8
Armour         | 4 |  4.0
Dodging        | |  0.5
Stealth        | |  0.2
Shields        | |  3.8

Action                   |  1- 3 |  4- 6 || total
-------------------------+-------+-------++-------
Melee: War axe           |    86 |    81 ||   167
 Abil: Dig               |       |     1 ||     1
  Use: Potion            |       |     1 ||     1
  Eat: Chunk             |       |     3 ||     3
Armor: Scale mail        |    32 |    32 ||    64
Dodge: Dodged            |    27 |    27 ||    54
Block: Buckler           |    25 |    20 ||    45
       Shield            |     4 |       ||     4
